 Dungeon Crawl Stone Soup version 0.31-a0-1042-ga9834b393d (webtiles) character file.

Game seed: 14641007963825187176

86629 Maratek the Impaler (level 15, 0/122 HPs)
             Began as a Demonspawn Fighter on Nov 20, 2023.
             Was a Follower of Jiyva.
             Slain by an ogre
             ... wielding a +0 giant club
             ... created by the rage of Trog
              (20 damage)
             ... on level 5 of the Lair of Beasts.
             The game lasted 00:46:27 (20604 turns).

Maratek the Impaler (Demonspawn Fighter)           Turns: 20604, Time: 00:46:27

Health: 0/122      AC: 27    Str: 24    XL:     15   Next: 41%
Magic:  0/15       EV: 14    Int:  9    God:    Jiyva [*.....]
Gold:   1348       SH: 11    Dex: 13    Spells: 14/14 levels left

rFire   . . .        a - +7 trident (venom)
rCold   . . .        c - +0 buckler
rNeg    . . .        f - +0 plate armour
rPois   .            e - +2 hat
rElec   .            (cloak unavailable)
rCorr   .            b - +0 pair of gloves
SInv    .            y - +0 pair of boots
Will    ++...        w - amulet of guardian spirit Stlth
                     k - +5 ring of evasion
HPRegen 1.20/turn    F - +4 ring of protection
MPRegen 0.39/turn

%: guardian spirit
@: mighty, invisible
A: powered by pain 3, sharp scales 3, condensation shield, demonic willpower,
weakness stinger 3
a: Renounce Religion


You were on level 5 of the Lair of Beasts.
You worshipped Jiyva.
Jiyva was aware of your devotion.
You visited 4 branches of the dungeon, and saw 21 of its levels.

You collected 1348 gold pieces.

Inventory:

Hand Weapons
 a - a +7 trident of venom (weapon)
 q - a +5 heavy demon trident
 D - the +9 mace of Stickiness {drain, Stlth+}
   (You found it on level 13 of the Dungeon)

   Stlth+:    It makes you more stealthy.
 K - the +8 trishula "Condemnation" {holy, anguish, *Noise Fly rN+}
   (You found it on level 4 of the Lair of Beasts)

   rN+:       It protects you from negative energy.
   Fly:       It grants you flight.
   *Noise:    It may make a loud noise when swung.
Armour
 b - a +0 pair of gloves (worn)
 c - a +0 buckler (worn)
 e - a +2 hat (worn)
 f - a +0 plate armour (worn)
 y - a +0 pair of boots (worn)
Jewellery
 k - a +5 ring of evasion (left hand)
 w - an amulet of guardian spirit (around neck)
 B - a ring of positive energy
 F - a +4 ring of protection (right hand)
 H - an amulet of the acrobat
 J - a +6 ring of dexterity
Wands
 h - a wand of light (13)
 l - a wand of digging (5)
 u - a wand of flame (53)
 E - a wand of roots (7)
Scrolls
 d - 4 scrolls of poison
 m - 3 scrolls of torment
 r - 4 scrolls of fear
 x - 4 scrolls of teleportation
 G - 2 scrolls of identify
Potions
 g - 2 potions of attraction
 i - 5 potions of curing
 j - a potion of invisibility
 n - 7 potions of lignification
 o - a potion of heal wounds
 p - a potion of resistance {unknown}
 s - a potion of cancellation
 t - a potion of brilliance
 z - 2 potions of ambrosia
 C - 2 potions of mutation


   Skills:
 + Level 12.4 Fighting
 + Level 15.2 Polearms
 + Level 11.5 Armour
 + Level 6.3 Dodging
 + Level 2.3 Stealth
 + Level 11.4 Shields


You had 14 spell levels left.
You didn't know any spells.
Your spell library contained the following spells:

 Spells                   Type           Power      Damage    Failure   Level
 Cigotuvi's Dreadful Rot  Necr/Pois/Air  0%         N/A       100%        2
 Ignite Poison            Fire/Tmut/Pois 0%         N/A       100%        3
 Animate Dead             Necr           0%         N/A       100%        4
 Borgnjor's Vile Clutch   Necr/Erth      0%         N/A       100%        5
 Freezing Cloud           Conj/Ice/Air   0%         6-21      100%        5
 Death Channel            Necr           0%         N/A       100%        6


Dungeon Overview and Level Annotations

Branches:
Dungeon (14/15)            Temple (1/1) D:4            Lair (5/5) D:9
  Swamp (0/4) Lair:2       Spider (0/4) Lair:3        Slime (0/5) Lair:4
    Orc (1/2) D:11         Vaults (0/5) D:13

Altars:
Ashenzari
Cheibriados
Dithmenos
Fedhas
Gozag
Hepliaklqana
Kikubaaqudgha
Makhleb
Nemelex Xobeh
Okawaru
Qazlal
Ru
Sif Muna
Trog
Uskayaw
Vehumet
Wu Jian
Xom
Yredelemnul
Jiyva

Shops:
D:4 *   D:12 *

Annotations:
D:6 1 runed translucent door, Crazy Yiuf
D:10 1 runed translucent door, DEFE's ghost, journeyman DsWn
D:12 3 runed translucent doors, Maratek's ghost, journeyman MiFi
Lair:2 2 transporters
Lair:3 exclusion: oklob plant


Innate Abilities, Weirdness & Mutations

You are powered by pain.
You are completely covered in razor-sharp scales. (AC +3, Slay +3)
A meltable shield of frost defends you. (SH +4)
You punish those that try to bend your will. (Will+)
You have a sharp stinger which inflicts weakening toxins.


Message History

You puncture the polar bear!
The polar bear is almost dead.
The ogre hits you but does no damage. You block the deep troll's attack.
The deep troll claws you but does no damage.
You block the deep troll's attack. The troll misses you. The troll claws you!
The troll claws you. The polar bear barely misses you.
The polar bear closely misses you.
The polar bear claws you but does no damage.
The black bear completely misses you. The black bear closely misses you.
The black bear claws you but does no damage.
You fade into invisibility!
You kill the polar bear!
That felt strangely unrewarding.
The deep troll barely misses you. The deep troll claws you.
You block the deep troll's attack. The troll misses you.
You block the troll's attack. The troll claws you.
The black bear completely misses you. The black bear closely misses you.
The black bear barely misses you. The ogre misses you.
The deep troll bites you but does no damage.
The deep troll claws you! x2
The black bear bites you but does no damage.
The black bear closely misses you. x2; The troll misses you. x2
The troll claws you!
You feel very mighty all of a sudden.
The deep troll bites you but does no damage.
The deep troll claws you!
* * * LOW HITPOINT WARNING * * *
You block the deep troll's attack. The ogre closely misses you.
You block the troll's attack. The troll barely misses you. The troll claws you.
* * * LOW HITPOINT WARNING * * *
The black bear misses you. The black bear barely misses you. x2
You barely miss the ogre. The deep troll bites you.
* * * LOW HITPOINT WARNING * * *
The deep troll barely misses you. You block the deep troll's attack.
You block the troll's attack. The troll claws you!
* * * LOW HITPOINT WARNING * * *
You focus on the pain.
You feel mightier all of a sudden. The troll misses you.
The ogre hits you with a +0 giant club!!
You die...

.................†...............
.................................
.................................
##P####.###.........##.....###.##
### ###.#........###P##.## ####
#..........####### P.........##
#PP...h....# #.....O@T.##
#......T...# #..........#
############


You could see a deep troll (berserk), a troll (berserk, unable to see you), a
black bear (berserk, unable to see you) and an ogre (berserk, unable to see
you).

Vanquished Creatures
  Josephine (D:12)
  A vault guard (D:13)
  6 hydras
  A catoblepas (Lair:5)
  A centaur warrior (D:13)
  A death yak (Lair:2)
  2 two-headed ogres
  A tengu warrior (D:13)
  8 boulder beetles
  Sonja (Lair:1)
  3 skysharks
  A deep elf archer (D:13)
  An orc knight (D:13)
  2 deep elf pyromancers
  An orc sorcerer (D:13)
  7 ugly things
  A manticore (D:11)
  4 cyclopes (D:13)
  9 elephants
  Maurice (D:9)
  4 black mambas
  A gargoyle (D:11)
  An unseen horror (D:13)
  7 cane toads
  2 kobold demonologists
  2 rime drakes
  13 komodo dragons
  2 tengu conjurers (D:13)
  4 trolls
  5 polar bears
  A meliai (D:13)
  17 blink frogs
  7 slime creatures (D:13)
  A centaur simulacrum (D:13)
  5 culicivoras (Lair:3)
  A spriggan (Lair:1)
  A shadow (D:11)
  A vampire (D:12)
  8 wraiths
  7 wyverns
  67 yaks
  A human (shapeshifter) (D:13)
  Eustachio (D:6)
  3 basilisks
  10 vampire mosquitoes
  A warg (Orc:1)
  6 acid dragons
  8 water moccasins
  A sky beast (D:6)
  6 orc warriors
  4 ice beasts (D:7)
  8 black bears
  3 ogres
  A centaur (D:6)
  2 phantoms
  9 wolves
  4 kobold brigands (D:7)
  Blork the orc (D:5)
  2 gnoll sergeants
  17 bullfrogs
  6 scorpions
  20 wights
  17 killer bees
  An electric eel (D:8)
  14 howler monkeys
  4 hounds
  12 orc priests
  3 jellies
  3 gnoll boudas
  3 iguanas (D:5)
  9 orc wizards
  7 adders
  35 gnolls
  2 white imps
  4 ufetubi
  2 worms
  A dart slug (D:2)
  51 orcs
  11 endoplasms
  A giant cockroach (D:2)
  3 goblins
  8 hobgoblins
  8 jackals
  A quokka (D:2)
  13 ball pythons
  7 bats
  3 frilled lizards
  22 kobolds
  7 rats
576 creatures vanquished.

Vanquished Creatures (others)
  3 jellies
3 creatures vanquished.

Grand Total: 579 creatures vanquished

Notes
Turn   | Place    | Note
-------+----------+-------------------------------------------
     0 | D:1      | Maratek the Demonspawn Fighter began the quest for the Orb.
     0 | D:1      | Reached XP level 1. HP: 18/18 MP: 1/1
   194 | D:1      | Reached skill level 2 in Polearms
   196 | D:1      | Gained mutation: You are partially covered in razor-sharp
                  | scales. (AC +1, Slay +1) [demonic ancestry]
   196 | D:1      | Reached XP level 2. HP: 24/24 MP: 2/2
   624 | D:2      | Gained mutation: You are mostly covered in razor-sharp
                  | scales. (AC +2, Slay +2) [demonic ancestry]
   624 | D:2      | Reached XP level 3. HP: 29/29 MP: 3/3
   842 | D:2      | Identified the serpent talisman of Idig {rElec rF- Dex+5}
   860 | D:2      | Reached skill level 1 in Stealth
   878 | D:2      | Gained mutation: You sometimes gain a little power by
                  | taking damage. [demonic ancestry]
   878 | D:2      | Reached XP level 4. HP: 35/35 MP: 4/4
  1098 | D:2      | Found a faded altar of an unknown god.
  1419 | D:3      | Reached skill level 3 in Polearms
  1442 | D:3      | Noticed a black bear
  1447 | D:3      | Killed a black bear
  1448 | D:3      | Gained mutation: A meltable shield of frost defends you.
                  | (SH +4) [demonic ancestry]
  1448 | D:3      | Reached XP level 5. HP: 40/42 MP: 5/5
  1552 | D:3      | Reached skill level 4 in Polearms
  1640 | D:3      | Found an ancient bone altar of Kikubaaqudgha.
  1687 | D:3      | Reached skill level 1 in Dodging
  1687 | D:3      | Reached XP level 6. HP: 48/48 MP: 6/6
  2107 | D:4      | Found a staircase to the Ecumenical Temple.
  2239 | D:4      | Reached skill level 5 in Polearms
  2529 | D:4      | Gained mutation: You sometimes gain power by taking damage.
                  | [demonic ancestry]
  2529 | D:4      | Reached XP level 7. HP: 54/54 MP: 7/7
  2567 | Temple   | Entered the Ecumenical Temple
  2585 | Temple   | Became a worshipper of Trog the Wrathful
  2799 | D:4      | Found Kodeuhyk's General Store.
  3095 | D:5      | Entered Level 5 of the Dungeon
  3261 | D:5      | Reached skill level 6 in Polearms
  3291 | D:5      | Gained mutation: You are completely covered in razor-sharp
                  | scales. (AC +3, Slay +3) [demonic ancestry]
  3291 | D:5      | Reached XP level 8. HP: 61/61 MP: 8/8
  3360 | D:5      | Found an iron altar of Okawaru.
  3391 | D:5      | Found a burning altar of Makhleb.
  3403 | D:5      | Found a sacrificial altar of Ru.
  3467 | D:5      | Noticed Blork the orc
  3475 | D:5      | Killed Blork the orc
  3776 | D:5      | Reached skill level 5 in Fighting
  4224 | D:5      | Found an ornate altar of the Wu Jian Council.
  4225 | D:5      | Found a radiant altar of Vehumet.
  4581 | D:6      | Reached skill level 7 in Polearms
  4637 | D:6      | Noticed Eustachio
  4665 | D:6      | Killed Eustachio
  4665 | D:6      | Reached * piety under Trog
  4994 | D:6      | Found a runed translucent door.
  4995 | D:6      | Noticed Crazy Yiuf
  5046 | D:7      | Gained mutation: You are powered by pain. [demonic
                  | ancestry]
  5046 | D:7      | Reached XP level 9. HP: 69/69 MP: 9/9
  5058 | D:6      | Reached skill level 8 in Polearms
  5177 | D:7      | Found a stormy altar of Qazlal.
  5363 | D:7      | Found a shimmering blue altar of Sif Muna.
  5452 | D:7      | Reached ** piety under Trog
  5662 | D:7      | Reached skill level 5 in Shields
  5667 | D:7      | Reached skill level 9 in Polearms
  5667 | D:7      | Reached skill level 5 in Armour
  6454 | D:8      | Reached *** piety under Trog
  6573 | D:8      | Gained mutation: You have a small tail. [demonic ancestry]
  6573 | D:8      | Reached XP level 10. HP: 74/77 MP: 10/10
  6904 | D:8      | Found a flagged portal.
  8080 | D:9      | Noticed an elephant
  8120 | D:8      | Killed an elephant
  8121 | D:8      | Reached skill level 10 in Polearms
  8719 | D:9      | Noticed a boulder beetle
  8763 | D:9      | Killed a boulder beetle
  9072 | D:9      | Found a staircase to the Lair.
  9213 | D:9      | Noticed Maurice
  9451 | D:9      | Something stole a +1 spear of flaming
  9452 | D:9      | Something stole a ring of ice
  9454 | D:9      | Reached **** piety under Trog
  9455 | D:9      | Something stole 2 throwing nets
  9456 | D:9      | Something stole 581 gold
  9658 | D:9      | Killed Maurice
  9799 | D:10     | Entered Level 10 of the Dungeon
  9927 | D:10     | Reached skill level 11 in Polearms
  9927 | D:10     | Reached XP level 11. HP: 72/84 MP: 11/11
 10298 | D:10     | Noticed a two-headed ogre
 10317 | D:10     | Killed a two-headed ogre
 10376 | D:10     | Found a runed translucent door.
 10378 | D:10     | Noticed DEFE's ghost (journeyman DsWn)
 10378 | D:10     | Identified the +1 spear "Fanet" {holy, Fragile rElec Dex+8}
 10766 | D:10     | Reached skill level 12 in Polearms
 10766 | D:10     | Reached skill level 5 in Dodging
 10766 | D:10     | Gained mutation: You have a tail ending in a sharp stinger.
                  | [demonic ancestry]
 10766 | D:10     | Reached XP level 12. HP: 94/94 MP: 12/12
 10767 | D:10     | Gained mutation: You have a sharp stinger which inflicts
                  | weakening toxins. [demonic ancestry]
 10767 | D:10     | Reached XP level 13. HP: 101/101 MP: 13/13
 11072 | D:11     | Noticed a stone giant
 11121 | D:11     | Reached skill level 13 in Polearms
 11273 | D:11     | Reached ***** piety under Trog
 11516 | D:11     | Found a staircase to the Orcish Mines.
 11927 | Orc:1    | Entered Level 1 of the Orcish Mines
 12410 | D:12     | Found a runed translucent gate.
 12410 | D:12     | Found a runed translucent gate.
 12410 | D:12     | Found a runed translucent gate.
 12412 | D:12     | Found an opulent altar of Gozag.
 12412 | D:12     | Found Ryceawk's Assorted Antiques.
 12412 | D:12     | Noticed a vampire knight
 12413 | D:12     | Noticed Maratek's ghost (journeyman MiFi)
 12525 | D:12     | Noticed Josephine
 12541 | D:12     | Killed Josephine
 13167 | D:13     | Found a gate leading to a gauntlet.
 13486 | D:13     | Paralysed by an orc sorcerer for 3 turns
 13782 | D:13     | Reached skill level 10 in Fighting
 13843 | D:13     | Gained mutation: You punish those that try to bend your
                  | will. (Will+) [demonic ancestry]
 13843 | D:13     | Reached XP level 14. HP: 88/110 MP: 14/14
 13851 | D:13     | Received a gift from Trog
 13906 | D:13     | Reached skill level 14 in Polearms
 13943 | D:13     | Identified the +9 mace of Stickiness {drain, Stlth+}
 14204 | D:13     | Reached skill level 10 in Shields
 14378 | D:13     | Found a gate to the Vaults.
 15155 | Lair:1   | Entered Level 1 of the Lair of Beasts
 15303 | Lair:1   | Reached skill level 10 in Armour
 15907 | Lair:1   | Noticed Sonja
 15929 | Lair:1   | Killed Sonja
 16578 | Lair:2   | Received a gift from Trog
 16760 | Lair:2   | Found a transporter.
 16845 | Lair:2   | Found a transporter.
 16870 | Lair:2   | Found a staircase to the Swamp.
 18628 | Lair:3   | Found a hole to the Spider Nest.
 18668 | Lair:3   | Reached XP level 15. HP: 106/120 MP: 13/15
 19156 | Lair:4   | Identified the +0 robe of Entitlement {rC+ rCorr SInv}
 19177 | Lair:4   | Reached skill level 15 in Polearms
 19391 | Lair:4   | Found a viscous altar of Jiyva.
 19391 | Lair:4   | Found a staircase to the Slime Pits.
 19454 | Lair:4   | Fell from the grace of Trog
 19454 | Lair:4   | Became a worshipper of Jiyva Jiuxkef the Shapeless
 19536 | Lair:4   | Found the +8 trishula "Condemnation" {holy, anguish, *Noise
                  | Fly rN+}
 19946 | Lair:5   | Entered Level 5 of the Lair of Beasts
 20196 | Lair:5   | HP: 4/121 [catoblepas (12)]
 20587 | Lair:5   | Reached * piety under Jiyva
 20604 | Lair:5   | Slain by an ogre

Illustrated notes

Levels and vault maps discovered:
D:1:      minmay_arrival_four_loops, layout_basic, minmay_pentomino_x4
D:2:      kennysheep_six_static_rooms, layout_rooms,
          shapermc_ecumenical_altar_mp_vishouse, minmay_3d_cube
D:3:      layout_basic, mainiacjoe_overflow_brackets,
          nicolae_kikubaaqudgha_miasma_corner
D:4:      layout_basic, minmay_temple_entry_overgrown, serial_shops,
          nicolae_shop_window_shopping
D:5:      layout_basic, mainiacjoe_overflow_chevrons, minitemple,
          lemuel_round_altar, nicolae_ru_path_of_blood,
          serial_library_hellmonk_statue_hall, fountainhead, uniq_blork_the_orc
D:6:      layout_rooms, minmay_hedge_maze, uniq_crazy_yiuf_cottage,
          uniq_eustachio
D:7:      minmay_thinvault, layout_loops_ring,
          mainiacjoe_overflow_small_starburst, nicolae_qazlal_general_emergency
D:8:      layout_loops_cross, enter_bailey_8, serial_bayou_lagoon_b
D:9:      layout_gridville, grunt_lair_entry_orc_guard_hut,
          supply_closet_lemuel, uniq_maurice
D:10:     layout_roguey, ebering_ghost_funeral_grove
D:11:     layout_irregular_city, orc_0_dummy, wad_dig_loot
D:12:     layout_irregular_city, ebering_ghost_gozag, uniq_josephine
D:13:     layout_gridville, david_vaults_5, gauntlet_entry_generic,
          minmay_pinched_square
D:14:     layout_long_grid, gammafunk_ghost_cemetery, fountainhead,
          yredelemnul_forgotten_temple_becter
Temple:   hellmonk_temple_flake
Lair:1:   layout_roguey, grunt_forest_large_clearing_hut, grunt_megastairs_1,
          uniq_sonja
Lair:2:   gammafunk_worm_tunnel, layout_layer_cave, swamp_mist,
          hangedman_lair_generics_rect
Lair:3:   layout_long_grid, hellmonk_spider_entry_life_and_decay,
          cheibrodos_lair_caveside_slide
Lair:4:   layout_concentric_octagons, slime_entry_1, wad_woods_road_05,
          lemuel_fruit_tree, grunt_megastairs_2
Lair:5:   guppyfry_lair_end_dragon, layout_hall_layers
Orc:1:    orc_temple, layout_caves, hangedman_feature_mirror, library_closet,
          minmay_orc_barracks

Skill      XL: |  1  2  3  4  5  6  7  8  9 10 11 12 13 14 15 |
---------------+----------------------------------------------+-----
Polearms       | 2 3 4 5 6 7 9 11 12 13 14 15 | 15.2
Armour         | 3 4 5 6 7 8 9 10 11 | 11.5
Stealth        | 1 2 |  2.3
Shields        | 3 4 5 6 7 8 9 11 | 11.4
Dodging        | 1 2 4 5 6 |  6.3
Fighting       | 4 5 6 7 8 9 10 11 12 | 12.4

Action                     |  1- 3 |  4- 6 |  7- 9 | 10-12 | 13-15 || total
---------------------------+-------+-------+-------+-------+-------++-------
  Melee: Trident           |   100 |   153 |   455 |   457 |  1354 ||  2519
         Tailslap          |       |       |       |    71 |   253 ||   324
 Invoke: Berserk           |       |       |       |     1 |     2 ||     3
         Trog's Hand       |       |       |       |     1 |       ||     1
  Evoke: Wand              |       |       |       |     1 |       ||     1
    Use: Scroll            |     5 |     7 |     4 |    12 |    15 ||    43
         Potion            |       |       |     1 |     5 |    12 ||    18
   Stab: Petrified         |       |       |       |       |     2 ||     2
 Armour: Scale mail        |    52 |    57 |   149 |    86 |       ||   344
         Ring mail         |       |       |       |    94 |       ||    94
         Plate armour      |       |       |       |    63 |   679 ||   742
  Dodge: Dodged            |    35 |    42 |   161 |   226 |   498 ||   962
  Block: Buckler           |    20 |    49 |   146 |   169 |   508 ||   892

Table legend: (Time is in decaauts)
 A = Elapsed time spent in this place.
 B = Non-inter-level travel time spent in this place.
 C = Inter-level travel time spent in this place.
 D = Time resting spent in this place.
 E = Time spent auto-exploring this place.
 F = Levels seen in this place.
 G = Mean time per level.
                   A        B        C        D        E       F      G
               +--------+--------+--------+--------+--------+-----+--------+
         Total |  20061 |  18938 |   1123 |   1898 |  12992 |  21 |  955.3 |
       Dungeon |  14837 |  13955 |    882 |   1628 |   9357 |  14 | 1059.8 |
        Temple |     27 |     12 |     15 |      0 |      0 |   1 |   27.0 |
          Lair |   5144 |   4918 |    226 |    270 |   3635 |   5 | 1028.8 |
  Orcish Mines |     50 |     50 |      0 |      0 |      0 |   1 |   50.0 |
               +--------+--------+--------+--------+--------+-----+--------+

Top non-repeatable levels by time:
     D:8: 2065 daAuts
    D:13: 1885 daAuts
  Lair:2: 1548 daAuts
     D:9: 1303 daAuts
     D:7: 1300 daAuts
     D:5: 1219 daAuts
  Lair:1: 1196 daAuts
    D:11: 1089 daAuts
    D:10: 1048 daAuts
    D:12: 988 daAuts
  Lair:4: 932 daAuts
  Lair:3: 895 daAuts
     D:4: 887 daAuts
     D:3: 865 daAuts
     D:2: 822 daAuts
